AoeStats
← ROBINLACHIENNE

Arabia

505099053Analyzed
1v1 RM · 24d ago on Sep 7, 2026· 38m 22s· 2 players
Game mode
Random Map
Map size
Tiny (2 player)
Population
200
Speed
Normal
Resources
Standard
Victory
Conquest
Starting age
Dark Age
Ending age
Imperial Age
RankedLock teamsTeams togetherTeam positionsShared explorationLock speedFull tech treeHidden civsTurbo modeCheats
Victory
Defeat
🇨🇿 Mongols · Czechia
1313
+15
🇫🇷 Khitans · France
1287
-15
ROBINLACHIENNE
6:04 Loom
8:34 Feudal Age
9:15 Town Watch
10:40 Double-Bit Axe
14:59 Fletching
17:54 Town Watch
19:31 Forging
23:50 Castle Age
24:19 Scale Barding Armor
25:15 Iron Casting
24:48 Gold Mining
29:06 Chain Barding Armor
28:56 Husbandry
30:45 Wheelbarrow
32:01 Heavy Cavalry Archer
33:04 Bodkin Arrow
33:46 Padded Archer Armor
37:34 Leather Archer Armor
Jenys
5:45 Loom
8:30 Feudal Age
9:54 Double-Bit Axe
11:04 Horse Collar
23:10 Castle Age
21:45 Padded Archer Armor
24:04 Scale Barding Armor
24:25 Bloodlines
25:21 Fletching
26:14 Bodkin Arrow
26:40 Bow Saw
28:37 Husbandry
29:01 Heavy Plow
31:35 Ballistics
32:46 Thumb Ring
34:12 Town Watch
36:43 Leather Archer Armor
Connection lost

Rejoining the realm…

Still unreachable

The connection could not be restored.

Session expired

The server has moved on; the page needs a fresh start.